 Dungeon Crawl Stone Soup version 0.21-a0-186-g02e8684 (webtiles) character file.

1031 Espgualade the Ducker (level 8, -12/49 HPs)
             Began as a Tengu Ice Elementalist on Aug 12, 2017.
             Was a Follower of Vehumet.
             Mangled by Lookapuppie's ghost (18 damage)
             ... on level 6 of the Dungeon on Aug 13, 2017.
             The game lasted 00:22:03 (6528 turns).

Espgualade the Ducker (Tengu Ice Elementalist)      Turns: 6528, Time: 00:22:04

Health: -12/49     AC: 13    Str: 15    XL:     8   Next: 23%
Magic:  8/14       EV: 16    Int: 22    God:    Vehumet [*.....]
Gold:   416        SH:  0    Dex: 15    Spells: 4/14 levels left

rFire    + . .     SeeInvis .   e - +2 hand axe
rCold    + . .     Gourm    .   (no shield)
rNeg     . . .     Faith    .   a - +1 robe
rPois    +         Spirit   .   (helmet restricted)
rElec    +         Reflect  .   (no cloak)
rCorr    +         Harm     .   m - +2 pair of gloves
MR       .....                  (boots unavailable)
Stlth    ++........             o - amulet of rage
HPRegen  0.16/turn              n - +6 ring of strength
MPRegen  0.14/turn              (no ring)

@: brilliant, icy armour, resistant (expiring), slow
A: beak, talons 3, molten scales 1, wild magic 1, able to fly 1
a: Fly, Renounce Religion, Evoke Berserk Rage


You were on level 6 of the Dungeon.
You worshipped Vehumet.
Vehumet was aware of your devotion.
You were not hungry.

You visited 1 branch of the dungeon, and saw 6 of its levels.
You also visited: Ossuary.

You collected 416 gold pieces.

Inventory:

Hand Weapons
 e - a +2 hand axe (weapon)
Armour
 a - a +1 robe (worn)
 l - a cursed +0 buckler
 m - a +2 pair of gloves (worn)
Jewellery
 n - a +6 ring of strength (left hand)
 o - an amulet of rage (around neck)
 w - a cursed ring of teleportation {unknown}
Wands
 i - a wand of lightning (0/15)
 u - a wand of disintegration (0/24)
 v - a wand of flame (0/48)
Scrolls
 h - a scroll of remove curse
 k - a scroll of identify
 s - a scroll of enchant armour
 t - 3 scrolls of magic mapping
Potions
 d - a potion of ambrosia
 p - a potion of cancellation
 q - a potion of brilliance
Books
 b - a book of Frost

   Spells                             Type                      Level
   a - Freeze                         Ice                          1
   b - Throw Frost                    Conjuration/Ice              2
   c - Ozocubu's Armour               Charms/Ice                   3
   d - Throw Icicle                   Conjuration/Ice              4
   e - Summon Ice Beast               Ice/Summoning                4
Comestibles
 c - 3 bread rations
 f - a meat ration
 j - 3 royal jellies


   Skills:
 - Level 5.0 Fighting
 + Level 6.2 Dodging
 - Level 2.0 Stealth
 + Level 3.9 Spellcasting
 - Level 5.3 Conjurations
 - Level 2.6 Ice Magic


You had 4 spell levels left.
You knew the following spells:

 Your Spells              Type           Power        Failure   Level  Hunger
a - Freeze                Ice            ####         1%          1    None
b - Throw Frost           Conj/Ice       #####.       1%          2    #......
c - Ozocubu's Armour      Chrm/Ice       ####....     3%          3    ###....
d - Throw Icicle          Conj/Ice       #####...     3%          4    ####...


Dungeon Overview and Level Annotations

Branches:
Dungeon (6/15)
 Temple: D:4-7

Altars:
Makhleb
Okawaru
Vehumet
Wu Jian

Annotations:
D:5 Lookapuppie's ghost, novice HOFi
D:6 Lookapuppie's ghost, novice TrFi


Innate Abilities, Weirdness & Mutations

You have a beak for a mouth.
You have claws for feet.
You can fly.
You are partially covered in molten scales. (AC +2)
Your spells are a little harder to cast, but a little more powerful.


Message History

You start to feel less resistant.
Lookapuppie's ghost completely misses you.
Casting: Freeze
Confirm with . or Enter, or press ? or * to list all spells.
Aiming: Freeze
Press: ? - help, Shift-Dir - straight line, f/p - Lookapuppie's ghost
Aim: Lookapuppie's ghost (heavily damaged)
You freeze Lookapuppie's ghost.
Lookapuppie's ghost is heavily damaged.
Lookapuppie's ghost whispers, "Everlasting silence awaits you..."
Lookapuppie's ghost misses you.
Casting: Freeze
Confirm with . or Enter, or press ? or * to list all spells.
Aiming: Freeze
Press: ? - help, Shift-Dir - straight line, f/p - Lookapuppie's ghost
Aim: Lookapuppie's ghost (heavily damaged)
You freeze Lookapuppie's ghost.
Lookapuppie's ghost is heavily damaged.
Lookapuppie's ghost hits you!!
You die...

..)..##....# ###### #.#
.....##....# #...<# #.#
.....##.##.#
#.#######.#
###.....##.#
#.#.......#
####.....####.#.#######
#.....')...#'##
#.....###.....# #.....#
#.W...# #.....# #..@..#
####### #.....# ####'##
#.# #.# #.# #.. ###


You could see Lookapuppie's ghost.

Vanquished Creatures
  2 phantoms (D:4)
  An ogre (D:5)
  A centaur (D:5)
  A gnoll sergeant (D:5)
  A howler monkey (D:4)
  2 crimson imps (D:5)
  A hound (D:6)
  2 orc priests
  4 orc wizards
  A centaur skeleton (D:6)
  Ijyb (D:3)
  3 worker ants (D:4)
  A hound skeleton (D:4)
  4 mummies (Ossuary)
  5 adders
  An ooze (D:1)
  4 worms
  A dart slug (D:2)
  A leopard gecko (D:3)
  8 orcs
  A ball python (D:5)
  7 bats
  2 giant cockroaches
  6 goblins
  4 hobgoblins
  9 jackals
  2 kobolds
  4 frilled lizards
  2 gnoll zombies (Ossuary)
  2 hobgoblin zombies (Ossuary)
  3 kobold zombies (Ossuary)
  A leopard gecko zombie (D:6)
  6 rats
94 creatures vanquished.

Notes
Turn   | Place    | Note
-------+----------+-------------------------------------------
     0 | D:1      | Espgualade the Tengu Ice Elementalist began the quest for the Orb.
     0 | D:1      | Reached XP level 1. HP: 10/10 MP: 4/4
   158 | D:1      | Reached skill level 1 in Fighting
   304 | D:1      | Reached XP level 2. HP: 14/16 MP: 1/6
   450 | D:1      | Found an iron altar of Okawaru.
   858 | D:1      | Reached XP level 3. HP: 20/22 MP: 7/7
  1054 | D:1      | Gained mutation: You are partially covered in molten scales. (AC +2) [potion of mutation]
  1054 | D:1      | Gained mutation: Your spells are a little harder to cast, but a little more powerful. [potion of mutation]
  1479 | D:2      | Found an ornate altar of the Wu Jian Council.
  1783 | D:2      | Reached XP level 4. HP: 15/28 MP: 8/8
  2022 | D:2      | Found a radiant altar of Vehumet.
  2022 | D:2      | Found a burning altar of Makhleb.
  2026 | D:2      | Became a worshipper of Vehumet
  2082 | D:2      | Learned a level 2 spell: Throw Frost
  2086 | D:2      | Learned a level 3 spell: Ozocubu's Armour
  2451 | D:3      | Found a transporter.
  2468 | D:3      | Noticed Ijyb
  2715 | D:4      | Gained mutation: You can fly. [Tengu growth]
  2715 | D:4      | Reached XP level 5. HP: 25/34 MP: 1/9
  3081 | D:4      | Noticed a phantom
  3169 | D:5      | Entered Level 5 of the Dungeon
  3239 | D:5      | Reached skill level 5 in Fighting
  3276 | D:5      | Noticed Lookapuppie's ghost (novice HOFi)
  3389 | D:5      | Found a sand-covered staircase.
  3391 | D:5      | Noticed an ogre
  3399 | Ossuary  | Entered an ossuary
  3497 | Ossuary  | Reached * piety under Vehumet
  3497 | Ossuary  | Offered knowledge of Sting by Vehumet.
  3990 | Ossuary  | Reached XP level 6. HP: 8/40 MP: 3/10
  4535 | D:4      | Reached skill level 3 in Dodging
  4759 | D:3      | Killed Ijyb
  4860 | D:3      | Found a transporter.
  5383 | D:4      | Reached skill level 4 in Dodging
  5383 | D:4      | Reached XP level 7. HP: 39/44 MP: 6/11
  5615 | D:4      | Reached skill level 5 in Conjurations
  5960 | D:5      | Reached skill level 5 in Dodging
  5971 | D:5      | Reached XP level 8. HP: 28/49 MP: 3/13
  6286 | D:6      | Learned a level 4 spell: Throw Icicle
  6307 | D:6      | Noticed Lookapuppie's ghost (novice TrFi)
  6315 | D:6      | Reached skill level 6 in Dodging
  6528 | D:6      | Mangled by Lookapuppie's ghost

Vault maps used:
D:1:      dpeg_cavernosity, okawaru_ov_weapons_minmay
D:2:      gammafunk_temple_overflow_elements, lemuel_coloured_pillars_altar,
          first_bread
D:3:      gammafunk_wand_slinger, uniq_ijyb
D:5:      lightli_ossuary_entry_decrepit_ruins
D:6:      nicolae_gozag_cash_rules_everything_around_me, uniq_edmund
Ossuary:  ossuary_tomb_3

Skill      XL: |  1  2  3  4  5  6  7  8 |
---------------+-------------------------+-----
Fighting       | 1 2 3 4 5 |  5.0
Conjurations   | 2 4 5 |  5.3
Dodging        | 4 5 6 |  6.2
Spellcasting   | 3 |  3.9
Stealth        | |  2.0
Ice Magic      | |  2.6

Action                   |  1- 3 |  4- 6 |  7- 9 || total
-------------------------+-------+-------+-------++-------
Melee: Unarmed           |    29 |       |       ||    29
       Kick              |    16 |    37 |    18 ||    71
       Mace              |    38 |       |       ||    38
       Peck              |    19 |    20 |    10 ||    49
       Hand axe          |    21 |   130 |    63 ||   214
 Cast: Freeze            |    14 |    15 |     6 ||    35
       Throw Frost       |       |    17 |     4 ||    21
       Ozocubu's Armour  |       |     9 |     3 ||    12
 Abil: Fly               |       |     1 |       ||     1
Evoke: Wand              |       |     2 |    14 ||    16
  Use: Scroll            |     6 |    14 |       ||    20
       Potion            |     6 |     2 |     4 ||    12
 Stab: Sleeping          |     5 |     5 |       ||    10
       Distracted        |       |     1 |     1 ||     2
  Eat: Bread ration      |     1 |     2 |     1 ||     4
       Chunk             |       |     2 |       ||     2
       Meat ration       |       |     1 |       ||     1
Armor: Robe              |    25 |    37 |    24 ||    86
Dodge: Dodged            |    67 |    97 |    57 ||   221
